 Dungeon Crawl Stone Soup version 0.20-a0-1109-ge3cd172 (webtiles) character file.

200 urechis the Chopper (level 5, -4/50 HPs)
             Began as a Hill Orc Berserker on May 5, 2017.
             Was a Priest of Trog.
             Slain by Natasha (7 damage)
             ... on level 3 of the Dungeon.
             The game lasted 00:03:14 (3678 turns).

urechis the Chopper (Hill Orc Berserker)            Turns: 3678, Time: 00:03:15

Health: -4/50      AC:  2    Str: 20    XL:     5   Next: 79%
Magic:  5/5        EV: 12    Int:  7    God:    Trog [***...]
Gold:   148        SH:  0    Dex: 11    Spells: 4/4 levels left

rFire    . . .     SeeInvis .   a - +0 hand axe
rCold    . . .     Gourm    .   (no shield)
rNeg     . . .     Faith    .   b - +0 animal skin
rPois    .         Spirit   .   (no helmet)
rElec    .         Reflect  .   (no cloak)
rCorr    .         Harm     .   (no gloves)
MR       .....                  (no boots)
Stlth    +.........             (no amulet)
Regen    0.2/turn               (no ring)
MPRegen  0.1/turn               (no ring)

@: starving, slowed, very slow
A: no striking features
a: Berserk, Trog's Hand, Burn Spellbooks, Renounce Religion


You were on level 3 of the Dungeon.
You worshipped Trog.
Trog was most pleased with you.
You were starving.

You visited 1 branch of the dungeon, and saw 3 of its levels.

You collected 148 gold pieces.

Inventory:

Hand Weapons
 a - a +0 hand axe (weapon)
Armour
 b - a +0 animal skin (worn)
Jewellery
 s - an uncursed ring of fire {unknown}
Wands
 o - a wand of confusion (24/48)
Scrolls
 e - a scroll of fog {unknown}
 i - a scroll of magic mapping {unknown}
 k - a scroll of amnesia {unknown}
 l - 4 scrolls of identify {unknown}
 p - a scroll of enchant weapon {unknown}
 t - a scroll of teleportation {unknown}
 u - a scroll of noise {unknown}
Potions
 d - a potion of haste {unknown}
 h - a potion of cancellation {unknown}
 j - 2 potions of magic {unknown}
 n - 4 potions of curing {unknown}
 r - a potion of invisibility {unknown}
Comestibles
 c - 4 bread rations
 f - 4 fruits
 g - a meat ration
 m - 4 royal jellies


   Skills:
 + Level 6.0 Fighting
 + Level 6.3 Axes
 - Level 2.1 Armour
 - Level 1.5 Dodging


You had 4 spell levels left.
You didn't know any spells.

Dungeon Overview and Level Annotations

Branches:
Dungeon (3/15)

Altars:

Annotations:
D:3 Natasha


Message History

You barely miss Natasha.
Natasha is heavily wounded.
Natasha casts a spell at you. You resist with some effort.
You hit Natasha.
Natasha is heavily wounded.
Natasha claws you.
* * * LOW HITPOINT WARNING * * *
Natasha misses you.
You hit Natasha but do no damage.
Natasha is heavily wounded.
Natasha casts a spell at you. The magic dart hits you!
* * * LOW HITPOINT WARNING * * *
You hit Natasha.
Natasha is almost dead.
Natasha claws you.
* * * LOW HITPOINT WARNING * * *
Natasha claws you!
You die...

## #...........≈≈≈≈≈≈≈≈PP≈≈≈≈≈≈P♣
# ##.########..♣≈≈..≈≈≈≈≈≈P≈≈≈≈P#
###.............≈.....≈≈.≈P≈♣♣♣##
...#########.................#
........# ##.≈≈PP≈≈..........#
..#####.# #..♣♣♣≈≈≈≈≈≈.≈≈....#
..# #.# #....≈♣g≈P≈≈≈≈≈≈≈..# ..#
#.# #..###♣h5≈♣≈≈P♣♣#.## ..#
###.# #..# #@♣♣♣♣♣♣♣♣#..# ..#
#...# #..# ##†♣♣♣♣♣ #.## ..#
#.#####.#####.##..####.# .># #.#
#..............#..#
..###.####.######.#####.#.##
..##...##..# #.# #...#
........#.#######.# #..##
.###...(..........# #..#
..###.###.######### #.##


You could see Natasha, a shadow imp and a goblin.

Vanquished Creatures
  An orc wizard (D:3)
  Natasha (D:3)
  6 adders
  2 oozes (D:1)
  A worm (D:3)
  2 dart slugs (D:1)
  3 leopard geckos
  3 orcs (D:3)
  12 bats
  3 giant cockroaches
  9 hobgoblins
  2 jackals (D:1)
  10 kobolds
  3 quokkas
  4 frilled lizards
  5 goblins
  7 rats
  A plant (D:3)
75 creatures vanquished.

Notes
Turn   | Place    | Note
-------+----------+-------------------------------------------
     0 | D:1      | urechis the Hill Orc Berserker began the quest for the Orb.
     0 | D:1      | Reached XP level 1. HP: 19/19 MP: 1/1
    83 | D:1      | Reached XP level 2. HP: 27/27 MP: 2/2
   449 | D:1      | Reached XP level 3. HP: 22/33 MP: 3/3
   927 | D:1      | Reached ** piety under Trog
  1208 | D:1      | Reached skill level 5 in Axes
  1409 | D:2      | Reached XP level 4. HP: 31/41 MP: 4/4
  1420 | D:2      | Reached skill level 5 in Fighting
  2468 | D:3      | Reached XP level 5. HP: 48/48 MP: 5/5
  2981 | D:3      | Noticed Natasha
  2989 | D:3      | Killed Natasha
  3634 | D:3      | Noticed Natasha
  3652 | D:3      | Reached *** piety under Trog
  3678 | D:3      | Slain by Natasha

Vault maps used:
D:1:      lightli_arrival_boilingwater
D:3:      first_bread, serial_bayou_ford_a, uniq_natasha

Skill      XL: |  1  2  3  4  5 |
---------------+----------------+-----
Fighting       | 4 5 6 |  6.0
Axes           | 5 6 |  6.3
Armour         | |  2.1
Dodging        | |  1.5

Action                   |  1- 3 |  4- 6 || total
-------------------------+-------+-------++-------
Melee: Hand axe          |   103 |   186 ||   289
Invok: Berserk           |       |     2 ||     2
 Stab: Sleeping          |       |     2 ||     2
  Eat: Chunk             |     2 |     7 ||     9
Armor: Animal skin       |    24 |    21 ||    45
Dodge: Dodged            |    92 |   105 ||   197
